 Dungeon Crawl Stone Soup version 0.21-a0-274-gc1afaeb (webtiles) character file.

62 pichaelthompson the Skirmisher (level 3, -1/30 HPs)
             Began as a Demonspawn Berserker on Sept 19, 2017.
             Was a Believer of Trog.
             Slain by a worker ant (5 damage)
             ... on level 2 of the Dungeon.
             The game lasted 00:05:01 (2055 turns).

pichaelthompson the Skirmisher (DsBe)               Turns: 2055, Time: 00:05:02

Health: -1/30      AC:  4    Str: 17    XL:     3   Next: 85%
Magic:  3/3        EV: 12    Int:  8    God:    Trog [**....]
Gold:   89         SH:  0    Dex: 13    Spells: 2/2 levels left

rFire    . . .     SeeInvis .   h - -1 mace (curse)
rCold    . . .     Gourm    .   (no shield)
rNeg     . . .     Faith    .   b - +0 animal skin
rPois    .         Spirit   .   o - +2 hat
rElec    .         Reflect  .   (no cloak)
rCorr    .         Harm     .   (no gloves)
MR       ++...                  (no boots)
Stlth    +.........             (no amulet)
HPRegen  1.10/turn              (no ring)
MPRegen  0.08/turn              (no ring)

@: lethally poisoned (-1 -> -2), regenerating, heavily drained
A: powered by death 1
a: Berserk, Trog's Hand, Burn Spellbooks, Renounce Religion


You were on level 2 of the Dungeon.
You worshipped Trog.
Trog was pleased with you.
You were not hungry.

You visited 1 branch of the dungeon, and saw 2 of its levels.

You collected 89 gold pieces.

Inventory:

Hand Weapons
 a - a +0 falchion
 h - a cursed -1 mace (weapon)
Armour
 b - a +0 animal skin (worn)
 o - a +2 hat (worn)
Scrolls
 g - a scroll of recharging {unknown}
 i - 2 scrolls of teleportation {unknown}
 m - 2 scrolls of identify {unknown}
Potions
 d - a potion of magic {unknown}
 e - a potion of degeneration {unknown}
 f - a potion of brilliance {unknown}
 j - 2 potions of flight {unknown}
 k - 3 potions of might {unknown}
Comestibles
 c - 4 bread rations
 l - 2 fruits


   Skills:
 * Level 3.7(2.5) Fighting
 + Level 3.1(1.9) Long Blades
 + Level 0.3(0.0) Maces & Flails
 * Level 2.2(1.1) Armour
 * Level 2.1(1.0) Dodging
 + Level 0.4(0.0) Stealth


You had 2 spell levels left.
You didn't know any spells.

Dungeon Overview and Level Annotations

Branches:
Dungeon (2/15)

Altars:
Ru


Innate Abilities, Weirdness & Mutations

You regenerate a little health from kills.


Message History

You hit the worker ant.
The worker ant is almost dead.
You feel sick. The worker ant closely misses you.
You closely miss the worker ant.
The worker ant is almost dead.
You feel sick.
The worker ant bites you but does no damage.
The worker ant bites you.
* * * LOW HITPOINT WARNING * * *
You barely miss the worker ant.
The worker ant is almost dead.
* * * LOW HITPOINT WARNING * * *
You feel sick. The worker ant closely misses you. The worker ant bites you.
* * * LOW HITPOINT WARNING * * *
You are more poisoned.
The worker ant poisons you!
Your skin crawls.
You feel resistant to hostile enchantments.
You feel somewhat more hungry.
You feel sick. The worker ant bites you.
You die...

#.#.##.###.#...#.#
#..#### #.#.#.. #.##.##.#
#..#### #.#... #.# .##.#
#....## #.#... ... .##.#
#.##.## #.##.) #.# #.##
#.##.## #.# #. #.. ...
#...... ### #.# ####.##
#.## #########a# #.# #...
#>.......@# #.# #..#
#.######### #.# #..# #.#
#.# #..# #.# #.# #..# #.#
########.# #..# #.#
#........# #.)#
#.##############.########
..(# #.....(((........#
..<#####.################


You could see a worker ant.

Vanquished Creatures
  An adder (D:2)
  An ooze (D:1)
  5 bats
  4 giant cockroaches
  9 goblins
  8 hobgoblins
  2 jackals (D:2)
  6 kobolds
  5 frilled lizards
  3 rats
44 creatures vanquished.

Notes
Turn   | Place    | Note
-------+----------+-------------------------------------------
     0 | D:1      | pichaelthompson the Demonspawn Berserker began the quest for the Orb.
     0 | D:1      | Reached XP level 1. HP: 18/18 MP: 1/1
   195 | D:1      | Gained mutation: You regenerate a little health from kills. [demonic ancestry]
   195 | D:1      | Reached XP level 2. HP: 10/24 MP: 2/2
  1345 | D:2      | Reached XP level 3. HP: 24/29 MP: 3/3
  1581 | D:2      | Found a sacrificial altar of Ru.
  1625 | D:2      | Reached ** piety under Trog
  2055 | D:2      | Slain by a worker ant

Vault maps used:
D:1:      nicolae_arrival_memento_mori
D:2:      nicolae_ru_great_annihilating_truth, hangedman_decor_push

Skill      XL: |  1  2  3 |
---------------+----------+-----
Armour         | 2 |  2.2
Long Blades    | 3 |  3.1
Dodging        | 2 |  2.1
Fighting       | |  3.7
Maces & Flails | |  0.3
Stealth        | |  0.4

Action                   || total
-------------------------++-------
Melee: Falchion          ||    29
       Mace              ||   113
Invok: Trog's Hand       ||     1
 Stab: Paralysed         ||     1
  Eat: Chunk             ||     4
Armor: Animal skin       ||    41
Dodge: Dodged            ||   103
       Rpst.: Falchion   ||     9

Table legend:
 A = Spawn XP
 B = Non-spawn XP
 C = Spawn XP percentage of total XP
 D = Spawn monster count
 E = Non-spawn monster count
 F = Spawn count percentage of total count
 G = Total turns spent on level
                    A         B        C        D         E        F      G
               +---------+---------+-------+---------+---------+-------+---------
         Total |       0 |      89 |   0.0 |       0 |      44 |   0.0 |  2055
               +---------+---------+-------+---------+---------+-------+---------
           D:1 |       0 |      33 |   0.0 |       0 |      16 |   0.0 |  1272
           D:2 |       0 |      56 |   0.0 |       0 |      28 |   0.0 |   783
               +---------+---------+-------+---------+---------+-------+---------
